 Dungeon Crawl Stone Soup version 0.29-a0-367-gc2b5878c41 (webtiles) character file.

Game seed: 884787423199513815

61532 Lekart the Nimble (level 14, -4/121 HPs)
             Began as a Yellow Draconian Chaos Knight on May 1, 2022.
             Was a Plaything of Xom.
             Slain by a jiangshi (11 damage)
             ... led by a vampire mage
             ... on level 3 of the Abyss.
             The game lasted 00:41:28 (25801 turns).

Lekart the Nimble (Yellow Draconian Chaos Knight)  Turns: 25801, Time: 00:41:29

Health: -4/121     AC: 14    Str: 21    XL:     14   Next: 61%
Magic:  20/25      EV: 16    Int: 25    God:    Xom [.*....]
Gold:   3234       SH:  9    Dex: 11    Spells: 20/25 levels left

rFire   . . .      SeeInvis +   C - +10 war axe of the Ferocious God {drain, Int+7 Dex-3 SInv Stlth+}
rCold   . . .      Faith    .   n - +3 buckler
rNeg    + + .      Spirit   .   (body armour unavailable)
rPois   +          Reflect  .   y - +0 hat of the Morning Star {rN+ Str+4}
rElec   +          Harm     .   x - +0 cloak
rCorr   +          Rampage  .   v - +0 pair of gloves
Will    ++...                   (no boots)
Stlth   ++........              (no amulet)
HPRegen 0.30/turn               c - +4 ring of protection
MPRegen 0.19/turn               N - ring "Gefuesm" {rElec rPois rN+ Str+2}

@: about to teleport, hasted, very quick
A: spit acid, AC +8, unfitting armour, acidic bite, cold-blooded, acid
resistance, claws 1, see invisible, clever 2, high MP 1, strong-willed 1, wild
magic 1, evolution 1, MP-powered wands
a: Breathe Acid, Renounce Religion


You were on level 3 of the Abyss.
You worshipped Xom.
You were a plaything of Xom.
You visited 3 branches of the dungeon, and saw 17 of its levels.
You visited the Abyss 1 time.
You also visited: Bailey.

You collected 3374 gold pieces.
You spent 140 gold pieces at shops.

Inventory:

Hand Weapons
 a - a +3 falchion of chaos
 d - the +9 sword of Zonguldrok {reap}
   (You acquired it on level 3 of the Dungeon)

   Any living foe damaged by it may be reanimated upon death as a zombie
   friendly to the wielder, with an increasing chance as more damage is dealt.
 h - a +3 scimitar of flaming
 r - a +5 scimitar of freezing
 C - the +10 war axe of the Ferocious God (weapon) {drain, Int+7 Dex-3 SInv Stlth+}
   (You found it on level 8 of the Dungeon)

   A truly terrible weapon, it drains the life of any living foe it strikes.
   Int:       It affects your intelligence (+7).
   Dex:       It affects your dexterity (-3).
   SInv:      It lets you see invisible.
   Stlth:     It makes you more stealthy.
Missiles
 g - 4 datura-tipped darts (quivered)
 i - 3 throwing nets
Armour
 n - a +3 buckler (worn)
 v - a +0 pair of gloves (worn)
 x - a +0 cloak (worn)
 y - the +0 hat of the Morning Star (worn) {rN+ Str+4}
   (You acquired it in a bailey)

   Str:       It affects your strength (+4).
   rN:        It protects you from negative energy.
Jewellery
 c - a +4 ring of protection (left hand)
 e - a ring of ice
 D - a ring of fire
 H - an amulet of faith
 M - a +4 ring of protection
 N - the ring "Gefuesm" (right hand) {rElec rPois rN+ Str+2}
   (Xom gifted it to you on level 3 of the Lair of Beasts)

   [ring of positive energy]

   Str:       It affects your strength (+2).
   rElec:     It insulates you from electricity.
   rPois:     It protects you from poison.
   rN:        It protects you from negative energy.
Wands
 o - a wand of iceblast (4)
 t - a wand of charming (4)
 E - a wand of digging (25)
 Q - a wand of flame (4)
Scrolls
 m - 4 scrolls of teleportation
 p - 2 scrolls of holy word
 q - 4 scrolls of blinking
 w - 9 scrolls of identify
 z - 4 scrolls of silence
 A - 5 scrolls of amnesia
 G - 2 scrolls of fear
 I - a scroll of magic mapping
 K - a scroll of fog
 P - 2 scrolls of enchant armour
Potions
 f - a potion of might
 j - 6 potions of flight
 l - a potion of magic
 s - 3 potions of brilliance
 u - 2 potions of cancellation
 B - 3 potions of haste
 J - 2 potions of resistance
 L - a potion of curing
 R - 2 potions of invisibility
Miscellaneous
 b - a piece from Xom's chessboard (10/15)
 k - a phial of floods (inert)


   Skills:
 + Level 10.1 Fighting
 + Level 11.5 Long Blades
 + Level 10.1 Axes
 * Level 12.0 Dodging
 * Level 9.8 Shields
 * Level 6.1 Spellcasting
 * Level 6.0 Hexes
 * Level 6.6 Air Magic
 + Level 2.6 Evocations


You had 20 spell levels left.
You knew the following spells:

 Your Spells              Type           Power      Damage    Failure   Level
a - Silence               Hex/Air        25%        N/A       24%         5

Your spell library contained the following spells:

 Spells                   Type           Power      Damage    Failure   Level
 Slow                     Hex            100%       N/A       1%          1
 Swiftness                Air            52%        N/A       3%          3
 Confusing Touch          Hex            49%        N/A       4%          3
 Corpse Rot               Necr/Air       62%        N/A       5%          2
 Ensorcelled Hibernation  Hex/Ice        58%        N/A       6%          2
 Dazzling Flash           Conj/Hex       58%        N/A       12%         3
 Portal Projectile        Hex/Tloc       58%        N/A       12%         3
 Mephitic Cloud           Conj/Pois/Air  24%        N/A       16%         3
 Passwall                 Tmut/Erth      7%         N/A       19%         2
 Call Canine Familiar     Summ           9%         N/A       34%         3
 Conjure Flame            Conj/Fire      9%         6-21      34%         3
 Frozen Ramparts          Ice            18%        1d3       34%         3
 Vampiric Draining        Necr           9%         2d6       34%         3
 Leda's Liquefaction      Hex/Erth       14%        N/A       34%         4
 Dispel Undead            Necr           9%         3d8       73%         4
 Flame Wave               Conj/Fire      9%         2d5       73%         4
 Ice Form                 Ice/Tmut       9%         N/A       73%         4
 Summon Ice Beast         Ice/Summ       9%         N/A       73%         4
 Agony                    Necr           9%         N/A       96%         5
 Blade Hands              Tmut           4%         N/A       96%         5
 Excruciating Wounds      Necr           4%         N/A       96%         5
 Fireball                 Conj/Fire      4%         3d4       96%         5
 Conjure Ball Lightning   Conj/Air       15%        3x3d6     99%         6
 Death Channel            Necr           4%         N/A       100%        6
 Ignition                 Fire           4%         3d4       100%        8
 Fire Storm               Conj/Fire      4%         8d1       100%        9


Dungeon Overview and Level Annotations

Branches:
Dungeon (11/15)            Temple (1/1) D:4            Lair (6/6) D:9
 Shoals (0/4) Lair:3       Bailey (visited)
  Snake: Lair:2-4    Spider: Lair:2-4     Slime: Lair:5-6       Orc: D:9-12

Altars:
Ashenzari
Cheibriados
Dithmenos
Elyvilon
Fedhas
Gozag
Hepliaklqana
Kikubaaqudgha
Makhleb
Nemelex Xobeh
Okawaru
Qazlal
Ru
Sif Muna
Trog
Uskayaw
Vehumet
Wu Jian
Xom
Yredelemnul
Zin
The Shining One

Shops:
D:4 !*

Annotations:
D:3 Grinder
D:7 1 runed translucent door, supermoro's ghost, novice DECj
Lair:6 1 transporter, Ge0ff's ghost, journeyman DjMo


Innate Abilities, Weirdness & Mutations

You can spit globs of acid.
Your golden yellow scales are hard. (AC +8)
You cannot fit into any form of body armour.
You have acidic saliva.
You are cold-blooded and may be slowed by cold attacks.
You are resistant to acid. (rCorr)
You have sharp fingernails.
You have supernaturally acute eyesight. (SInv)
Your mind is very acute. (Int +4)
You have an increased reservoir of magic. (+10% MP)
You are strong-willed. (Will+)
Your spells are a little harder to cast, but a little more powerful.
You have hidden genetic potential.
You expend magic power (3 MP) to strengthen your wands.


Message History

* * * LOW HITPOINT WARNING * * *
Blink to where?
Press: ? - help, Dir - move target, p - vampire mage
As you read the scroll of blinking, it crumbles to dust.
The vampire mage casts a spell.
An apocalypse crab comes into view.
The vampire mage casts a spell.
Okay, then.
Blink to where?
Press: ? - help, Dir - move target
As you read the scroll of blinking, it crumbles to dust.
You start resting.
You feel your health improve.
As you read the scroll of teleportation, it crumbles to dust.
You feel strangely unstable.
You feel the power of the Abyss delaying your translocation!
You slash the jiangshi!
You tail-slap the jiangshi, but do no damage.
The jiangshi is moderately damaged.
The jiangshi claws you but does no damage.
The jiangshi closely misses you.
You slash the jiangshi!
You tail-slap the jiangshi, but do no damage.
The jiangshi is heavily damaged.
You slash the jiangshi!
The jiangshi is heavily damaged.
You barely miss the jiangshi.
The jiangshi is heavily damaged.
You hit the jiangshi.
The jiangshi is heavily damaged.
Unknown command.
You slash the jiangshi!
The jiangshi is severely damaged.
The jiangshi claws you but does no damage.
The jiangshi claws you!
* * * LOW HITPOINT WARNING * * *
The jiangshi draws strength from your injuries!
The jiangshi claws you!
You die...
Xom giggles madly!

.. # #... .#..
# .# .
.#.#.......#.#
...x.. .Z# .
....# Z#.. ..
###V# ... §V.#
#≈≈. ....##.#
##.# # .. #X.
## V
.≈.≈.#...#.#.#
#######.##
##.#V## . .#@#
.### .#. ##.#
#


You could see 2 jiangshi, a large abomination and a harpy skeleton (summoned).

Vanquished Creatures
  Gastronok (Lair:1)
  A boulder beetle (D:11)
  2 hydras
  A catoblepas (Lair:3)
  7 two-headed ogres
  2 centaur warriors
  A tengu warrior (D:11)
  An orc high priest (Bailey)
  4 death yaks (Lair:3)
  Amaemon (Lair:1)
  A glowing orange brain (D:11)
  Pikel (D:6)
  An ugly thing (D:11)
  2 manticores (D:11)
  7 elephants (Lair:3)
  Joseph (Lair:1)
  3 black mambas
  An orange demon (Lair:1)
  2 gargoyles (D:11)
  2 torpor snails
  9 cane toads
  3 rime drakes
  9 komodo dragons
  A kobold demonologist (Bailey)
  Maggie (D:6)
  A tengu conjurer (D:11)
  An efreet (D:10)
  2 ancient zymes (Abyss:3)
  5 polar bears
  3 trolls
  4 hornets (Lair:6)
  26 blink frogs
  4 dream sheep
  A centaur simulacrum (D:11)
  13 spriggans (Lair:6)
  45 yaks
  Sigmund (D:6)
  4 shadows (D:11)
  A vampire (D:11)
  7 wyverns
  A yak (shapeshifter) (D:11)
  Eustachio (D:6)
  A fire bat (D:4)
  A vampire mosquito (D:11)
  7 basilisks
  2 steam dragons
  3 wraiths
  A neqoxec (Abyss:3)
  2 acid dragons (D:11)
  A swamp worm (shapeshifter) (Lair:3)
  12 water moccasins
  14 orc warriors
  4 black bears (Lair:6)
  3 sky beasts
  An ogre (D:4)
  55 wolves
  2 centaurs
  5 boggarts (Lair:6)
  2 kobold brigands
  Blork the orc (D:5)
  12 bullfrogs
  4 scorpions
  2 small abominations (Abyss:3)
  9 wights
  A vampire bat (D:3)
  8 killer bees
  7 electric eels
  11 howler monkeys
  6 hounds
  A jelly (D:6)
  6 orc priests
  2 gnoll shamans (D:7)
  5 iguanas
  15 orc wizards
  11 gnolls
  4 adders
  8 river rats (D:7)
  4 white imps
  An ufetubus (D:4)
  4 dart slugs
  47 orcs
  4 ball pythons
  7 bats
  3 bat skeletons (D:3)
  3 bat zombies (D:3)
  3 endoplasms (D:4)
  3 giant cockroaches
  10 goblins
  8 hobgoblins
  4 jackals
  11 quokkas
  5 frilled lizards
  10 kobolds
  18 rats
559 creatures vanquished.

Vanquished Creatures (collateral kills)
  A lindwurm (Lair:2)
  A black mamba (Lair:2)
  A rime drake (Lair:2)
  2 blink frogs
  3 yaks (D:8)
  A killer bee (D:7)
  An iguana (D:6)
  A gnoll (Bailey)
  2 orcs
  A goblin (Bailey)
  2 rats (D:7)
16 creatures vanquished.

Vanquished Creatures (others)
  2 trolls
  A vampire (D:10)
  A hound (D:4)
  An orc priest (D:7)
  An ufetubus (D:4)
  An orc (D:4)
  A kobold (D:4)
  26 fungi
  30 plants
64 creatures vanquished.

Grand Total: 639 creatures vanquished

Notes
Turn   | Place    | Note
-------+----------+-------------------------------------------
     0 | D:1      | Lekart the Draconian Chaos Knight began the quest for the
                  | Orb.
     0 | D:1      | Reached XP level 1. HP: 19/19 MP: 1/1
    65 | D:1      | XOM: silly message
   138 | D:1      | XOM: silly message
   188 | D:1      | Reached XP level 2. HP: 18/26 MP: 2/2
   210 | D:1      | XOM: divination: detect creatures
   389 | D:1      | XOM: divination: detect creatures
   459 | D:1      | XOM: silly message
  1391 | D:2      | Reached XP level 3. HP: 33/33 MP: 3/3
  1518 | D:2      | XOM: scenery: 1 doors open
  1836 | D:2      | Found a faded altar of an unknown god.
  1930 | D:3      | XOM: god gift: book of Rime
  1980 | D:3      | Reached skill level 3 in Dodging
  2122 | D:3      | Found an ancient bone altar of Kikubaaqudgha.
  2198 | D:3      | Reached XP level 4. HP: 37/40 MP: 4/4
  2479 | D:3      | XOM: summons 2 hostile demons
  2513 | D:3      | XOM: 1-stop teleportation journey
  2770 | D:3      | Identified a scroll of acquirement
  2770 | D:3      | Acquired the +9 sword of Zonguldrok {reap}
  2770 | D:3      | Found the +9 sword of Zonguldrok {reap}
  2785 | D:3      | Noticed Grinder
  2910 | D:3      | Paralysed by Grinder for 2 turns
  2921 | D:4      | Found a staircase to the Ecumenical Temple.
  2928 | Temple   | Entered the Ecumenical Temple
  3017 | D:4      | Found a basalt altar of Yredelemnul.
  3071 | D:4      | Found a bloodstained altar of Trog.
  3102 | D:4      | Noticed an ogre
  3108 | D:4      | XOM: butterfly on damage
  3110 | D:4      | Killed an ogre
  3111 | D:4      | Reached skill level 4 in Dodging
  3111 | D:4      | Reached XP level 5. HP: 26/46 MP: 5/5
  3297 | D:4      | Found Porouriw's Assorted Antiques.
  3357 | D:4      | Reached XP level 6. HP: 24/52 MP: 6/6
  3726 | D:4      | Found Faneaska's Distillery.
  3748 | D:4      | Bought a potion of heal wounds for 50 gold pieces
  3748 | D:4      | Bought a potion of heal wounds for 50 gold pieces
  3748 | D:4      | Bought a potion of might for 40 gold pieces
  3839 | D:4      | XOM: scenery: summon butterflies
  3870 | D:4      | Found a shimmering altar of Xom.
  4225 | D:4      | Noticed a fire bat
  4225 | D:4      | an ogre changed into a fire bat
  4225 | D:4      | XOM: polymorph ogre -> fire bat
  4227 | D:4      | Killed a fire bat
  4228 | D:4      | Reached skill level 5 in Long Blades
  4228 | D:4      | Reached skill level 5 in Dodging
  4342 | D:4      | Found a snail-covered altar of Cheibriados.
  4629 | D:5      | Entered Level 5 of the Dungeon
  4635 | D:5      | Your scales start taking on a golden yellow colour.
  4635 | D:5      | Reached XP level 7. HP: 60/60 MP: 7/7
  4635 | D:5      | Gained mutation: You are resistant to acid. (rCorr) [Yellow
                  | Draconian growth]
  4647 | D:5      | Noticed Blork the orc
  4647 | D:5      | XOM: divination: detect items
  4668 | D:5      | Killed Blork the orc
  5021 | D:5      | Reached skill level 1 in Shields
  5325 | D:5      | XOM: god gift: book of Decay
  5454 | D:5      | Reached XP level 8. HP: 62/67 MP: 8/8
  5843 | D:6      | Noticed Maggie
  5853 | D:6      | Killed Maggie
  5854 | D:6      | Reached skill level 5 in Fighting
  5854 | D:6      | Reached skill level 6 in Dodging
  6052 | D:6      | XOM: 1-stop teleportation journey
  6212 | D:6      | Noticed Eustachio
  6215 | D:6      | Noticed Sigmund
  6220 | D:6      | Killed Eustachio
  6221 | D:6      | XOM: noise
  6225 | D:6      | Killed Sigmund
  6308 | D:6      | Noticed a troll
  6310 | D:6      | Noticed Pikel
  6314 | D:6      | XOM: potion effect (might)
  6319 | D:6      | XOM: potion effect (haste)
  6335 | D:6      | XOM: potion effect (curing)
  6338 | D:6      | Killed Pikel
  6339 | D:6      | Reached skill level 7 in Dodging
  6339 | D:6      | Reached XP level 9. HP: 68/75 MP: 9/9
  6504 | D:6      | XOM: silly message
  6573 | D:6      | XOM: divination: detect items
  6890 | D:3      | XOM: give mutations
  6890 | D:3      | Gained mutation: Your system is resistant to poisons.
                  | (rPois) [Xom's mischief]
  6890 | D:3      | Gained mutation: You sometimes lose the ability to read
                  | scrolls when taking damage. [Xom's mischief]
  7066 | D:3      | XOM: silly message
  7337 | D:4      | XOM: summons 2 hostile shadow creatures
  7485 | D:7      | Found a runed translucent door.
  7486 | D:7      | Noticed a white ugly thing
  7486 | D:7      | Noticed supermoro's ghost (novice DECj)
  7716 | D:7      | XOM: draining
  7917 | D:7      | XOM: 2-stop teleportation journey
  7922 | D:7      | Noticed a two-headed ogre
  7929 | D:7      | Killed a two-headed ogre
  7930 | D:7      | Reached skill level 8 in Dodging
  7930 | D:7      | Reached skill level 1 in Evocations
  8103 | D:7      | XOM: torment (32/78 hp)
  8492 | D:7      | XOM: chaos cloud
  8509 | D:6      | Reached XP level 10. HP: 57/84 MP: 10/10
  8685 | D:7      | XOM: stat loss: -1 Dex (13/14)
  9128 | D:8      | XOM: noise
  9265 | D:8      | Found a flagged portal.
  9280 | Bailey   | Entered a bailey
  9351 | Bailey   | Reached skill level 10 in Long Blades
  9400 | Bailey   | XOM: give mutation
  9400 | Bailey   | Gained mutation: Your body sometimes deteriorates upon
                  | taking damage. [Xom's mischief]
  9447 | Bailey   | XOM: 5-stop teleportation journey
  9481 | Bailey   | XOM: confuse monster(s)
  9483 | Bailey   | Reached skill level 5 in Shields
  9483 | Bailey   | Noticed an orc high priest
  9489 | Bailey   | Noticed a smoke demon
  9491 | Bailey   | Noticed a soul eater
  9494 | Bailey   | Killed an orc high priest
  9497 | Bailey   | XOM: 2-stop teleportation journey
  9684 | Bailey   | XOM: 1-stop teleportation journey
  9862 | Bailey   | XOM: stat loss: -1 Int (12/13)
  9869 | Bailey   | Acquired 1124 gold pieces
 10257 | Bailey   | Found an iron altar of Okawaru.
 10260 | Bailey   | Noticed a sixfirhy
 10261 | Bailey   | XOM: enchant monster (bad)
 10270 | Bailey   | XOM: swap monsters
 10274 | Bailey   | XOM: cleaving
 10279 | Bailey   | XOM: noise
 10282 | Bailey   | XOM: summons friendly quasit
 10299 | Bailey   | Identified the +1 robe of the Saviour {rElec rCorr Int-3}
 10310 | Bailey   | Acquired the +0 hat of the Morning Star {rN+ Str+4}
 10573 | Bailey   | Reached skill level 9 in Dodging
 10724 | D:8      | Noticed a two-headed ogre
 10727 | D:8      | XOM: divination: detect items
 10732 | D:8      | Killed a two-headed ogre
 10787 | D:8      | Reached XP level 11. HP: 63/94 MP: 11/11
 11287 | D:8      | Identified the +10 war axe of the Ferocious God {drain,
                  | Int+7 Dex-3 SInv Stlth+}
 11466 | D:8      | XOM: noise
 11722 | D:9      | Noticed a two-headed ogre
 11723 | D:9      | XOM: potion effect (haste)
 11734 | D:9      | XOM: confusion (+ monsters)
 11741 | D:9      | Killed a two-headed ogre
 11953 | D:9      | Reached skill level 1 in Axes
 11957 | D:9      | XOM: god gift: mace {god gift}
 12043 | D:9      | XOM: noise
 12222 | D:9      | XOM: noise
 12322 | D:9      | XOM: 1-stop teleportation journey
 12347 | D:9      | Found a staircase to the Lair.
 12418 | D:9      | XOM: stat loss: -1 Str (18/19)
 12596 | D:9      | XOM: give mutation
 12596 | D:9      | Gained mutation: Your flesh is cold resistant. (rC+) [Xom's
                  | grace]
 12606 | D:9      | XOM: enchant monster (bad)
 12612 | D:9      | XOM: confuse monster(s)
 12615 | D:9      | XOM: fake destruction
 12659 | D:9      | XOM: scenery: summon butterflies
 12677 | D:9      | XOM: god gift: potion of heal wounds
 12773 | D:9      | XOM: god gift: Sini's Grimoire of Igneous Lightness {god
                  | gift}
 12774 | D:9      | Got Sini's Grimoire of Igneous Lightness {god gift}
 12781 | D:9      | Learned a level 5 spell: Silence
 12808 | D:10     | Entered Level 10 of the Dungeon
 12824 | D:10     | XOM: give mutations
 12824 | D:10     | Gained mutation: You have sharp toenails. [Xom's grace]
 12824 | D:10     | Gained mutation: You have a pair of small antennae on your
                  | head. [Xom's grace]
 12824 | D:10     | Gained mutation: You have supernaturally acute eyesight.
                  | (SInv) [Xom's grace]
 12824 | D:10     | Gained mutation: You expend magic power (3 MP) to
                  | strengthen your wands. [Xom's grace]
 12847 | D:10     | Found a glowing silver altar of Zin.
 12873 | D:10     | Acquired 474 gold pieces
 12910 | D:10     | XOM: god gift: staff of air
 13106 | D:10     | Noticed a two-headed ogre
 13113 | D:10     | Killed a two-headed ogre
 13114 | D:10     | Reached skill level 1 in Air Magic
 13116 | D:10     | Noticed a centaur warrior
 13125 | D:10     | Killed a centaur warrior
 13126 | D:10     | Reached skill level 10 in Dodging
 13126 | D:10     | Reached skill level 1 in Spellcasting
 13126 | D:10     | Reached skill level 1 in Hexes
 13775 | D:10     | HP: 4/95 [centaur/arrow (9)]
 14055 | D:10     | XOM: give mutations
 14055 | D:10     | Gained mutation: Your muscles are strong. (Str +2) [Xom's
                  | grace]
 14055 | D:10     | Gained mutation: You are agile. (Dex +2) [Xom's grace]
 14055 | D:10     | Gained mutation: You have an increased reservoir of magic.
                  | (+10% MP) [Xom's grace]
 14185 | D:11     | Noticed a two-headed ogre
 14188 | D:11     | Killed a two-headed ogre
 14222 | D:11     | Noticed a two-headed ogre
 14228 | D:11     | Killed a two-headed ogre
 14229 | D:11     | Reached skill level 5 in Axes
 14274 | D:11     | Reached XP level 12. HP: 94/103 MP: 16/16
 14288 | D:11     | XOM: smoke on damage
 14412 | D:11     | Noticed a centaur warrior
 14419 | D:11     | Noticed a two-headed ogre
 14419 | D:11     | Noticed a death knight
 14419 | D:11     | XOM: 6-stop teleportation journey
 14452 | D:11     | XOM: scenery: 1 doors close
 14729 | D:11     | Noticed a boulder beetle
 14742 | D:11     | Killed a boulder beetle
 15032 | D:11     | XOM: 4-stop teleportation journey
 15126 | D:11     | XOM: 3-stop teleportation journey
 15225 | D:11     | Noticed a death knight
 15226 | D:11     | a death knight changed into a glowing orange brain
 15234 | D:11     | XOM: enchant monster (good)
 15349 | D:11     | Killed a two-headed ogre
 15852 | D:11     | Noticed a tengu warrior
 15859 | D:11     | Killed a tengu warrior
 16076 | D:11     | XOM: smoke on damage
 16279 | D:11     | XOM: summons friendly crimson imp
 16283 | D:11     | Killed a centaur warrior
 16430 | D:10     | XOM: give mutations
 16430 | D:10     | Lost mutation: Your body sometimes deteriorates upon taking
                  | damage. [Xom's mischief]
 16430 | D:10     | Lost mutation: You are agile. (Dex +2) [Xom's mischief]
 16430 | D:10     | Lost mutation: You have sharp toenails. [Xom's mischief]
 16626 | D:10     | XOM is BORED!
 16767 | D:11     | XOM: divination: detect items
 16769 | D:11     | XOM: butterfly on damage
 17150 | Lair:1   | Entered Level 1 of the Lair of Beasts
 17166 | Lair:1   | Noticed Gastronok
 17178 | Lair:1   | XOM: potion effect (curing)
 17184 | Lair:1   | Killed Gastronok
 17398 | Lair:1   | XOM: 2-stop teleportation journey
 17400 | Lair:1   | XOM: silly message
 17516 | Lair:1   | Noticed a five-headed hydra
 17522 | Lair:1   | XOM: noise
 17529 | Lair:1   | Killed a one-headed hydra
 17530 | Lair:1   | Reached XP level 13. HP: 13/111 MP: 20/20
 17577 | Lair:1   | XOM: swap monsters
 17639 | Lair:1   | XOM: give mutations
 17639 | Lair:1   | Gained mutation: Your spells are a little harder to cast,
                  | but a little more powerful. [Xom's grace]
 17639 | Lair:1   | Gained mutation: Your spells are harder to cast, but more
                  | powerful. [Xom's grace]
 17639 | Lair:1   | Gained mutation: Your flesh is very cold resistant. (rC++)
                  | [Xom's grace]
 17639 | Lair:1   | Gained mutation: You have sharp fingernails. [Xom's grace]
 17676 | Lair:1   | XOM: give mutations
 17676 | Lair:1   | Gained mutation: Your mind is acute. (Int +2) [Xom's grace]
 17676 | Lair:1   | Gained mutation: Your flesh is almost immune to the effects
                  | of cold. (rC+++) [Xom's grace]
 17676 | Lair:1   | Gained mutation: You are robust. (+10% HP) [Xom's grace]
 17676 | Lair:1   | Gained mutation: Your mind is very acute. (Int +4) [Xom's
                  | grace]
 17707 | Lair:1   | XOM: give mutations
 17707 | Lair:1   | Gained mutation: You have hidden genetic potential. [Xom's
                  | grace]
 17707 | Lair:1   | Gained mutation: Your muscles are very strong. (Str +4)
                  | [Xom's grace]
 17940 | Lair:1   | XOM: scenery: summon butterflies
 17997 | Lair:1   | Noticed Joseph
 18000 | Lair:1   | Noticed Amaemon
 18007 | Lair:1   | Killed Joseph
 18019 | Lair:1   | Killed Amaemon
 18068 | Lair:1   | XOM: god gift: staff of death
 18100 | Lair:1   | XOM: 7-stop teleportation journey
 18291 | Lair:1   | XOM: give mutations
 18291 | Lair:1   | Gained mutation: You are agile. (Dex +2) [Xom's grace]
 18291 | Lair:1   | Gained mutation: You are partially covered in large bone
                  | plates. (SH +4) [Xom's grace]
 18291 | Lair:1   | Gained mutation: You possess an exceptional clarity of
                  | mind. [Xom's grace]
 18643 | Lair:2   | Reached skill level 11 in Dodging
 18734 | Lair:2   | XOM: scenery: 1 doors open
 18735 | Lair:2   | XOM: divination: detect creatures
 18983 | Lair:2   | Reached skill level 5 in Air Magic
 19329 | Lair:2   | XOM: cast spell 'Discord'
 19334 | Lair:2   | XOM: butterfly on damage
 19353 | Lair:2   | XOM: god gift: scroll labelled ITRASI ORUSHAU {god gift}
 19494 | Lair:1   | XOM: scenery: 1 doors open
 19984 | Lair:3   | XOM: god gift: +4 ring of protection
 20177 | Lair:3   | XOM: scenery: 1 doors close
 20263 | Lair:3   | Found a staircase to the Shoals.
 20434 | Lair:3   | XOM: summons 13 friendly demons
 20608 | Lair:3   | Found a shimmering altar of Xom.
 20725 | Lair:3   | Reached skill level 5 in Spellcasting
 20866 | Lair:3   | Noticed Urug
 20866 | Lair:3   | Noticed Urug
 20866 | Lair:3   | Urug changed into Urug the elephant
 20866 | Lair:3   | XOM: polymorph Urug -> Urug the elephant
 20876 | Lair:3   | Killed Urug the elephant
 21013 | Lair:3   | Reached skill level 5 in Hexes
 21103 | Lair:3   | XOM: 1-stop teleportation journey
 21276 | Lair:3   | XOM: polymorph elephant -> glowing shapeshifter
 21407 | Lair:3   | XOM: summons 2 hostile shadow creatures
 21626 | Lair:3   | XOM: confuse monster(s)
 21663 | Lair:3   | XOM: fog
 21716 | Lair:3   | Gained mutation: You have acidic saliva. [Yellow Draconian
                  | growth]
 21716 | Lair:3   | Reached XP level 14. HP: 104/130 MP: 24/24
 21759 | Lair:3   | Gained mutation: You are strong-willed. (Will+) [hidden
                  | potential]
 21938 | Lair:3   | XOM: silly message
 22098 | Lair:3   | Identified the ring "Gefuesm" {rElec rPois rN+ Str+2} (Xom
                  | gifted it to you on level 3 of the Lair of Beasts)
 22098 | Lair:3   | XOM: god gift: ring "Gefuesm" {rElec rPois rN+ Str+2}
 22162 | Lair:3   | XOM: give mutations
 22162 | Lair:3   | Lost mutation: You possess an exceptional clarity of mind.
                  | [Xom's mischief]
 22162 | Lair:3   | Lost mutation: You sometimes lose the ability to read
                  | scrolls when taking damage. [Xom's mischief]
 22162 | Lair:3   | Lost mutation: You are partially covered in large bone
                  | plates. (SH +4) [Xom's mischief]
 22164 | Lair:3   | XOM: stat loss: -1 Str (24/25)
 22184 | Lair:3   | Identified the +3 leather armour of Rationality {Rampage
                  | +Blink rElec Dex-2}
 22272 | Lair:3   | XOM: give mutations
 22272 | Lair:3   | Lost mutation: You have a pair of small antennae on your
                  | head. [Xom's mischief]
 22272 | Lair:3   | Lost mutation: Your flesh is almost immune to the effects
                  | of cold. (rC+++) [Xom's mischief]
 22460 | Lair:3   | XOM: torment (79/130 hp)
 23158 | Lair:4   | You fall into a shaft and drop 2 floors!
 23158 | Lair:6   | Entered Level 6 of the Lair of Beasts
 23165 | Lair:6   | XOM: divination: magic mapping
 23234 | Lair:6   | XOM: summons 3 friendly demons
 23236 | Lair:6   | XOM: divination: detect items
 23395 | Lair:6   | XOM: divination: detect items
 23867 | Lair:6   | XOM: confusion (+ monsters)
 23924 | Lair:6   | XOM: summons 14 friendly demons
 23990 | Lair:6   | Noticed Ge0ff's ghost (journeyman DjMo)
 24002 | Lair:6   | Found a transporter.
 24019 | Lair:6   | Found a transporter.
 24019 | Lair:6   | XOM: summons 13 friendly demons
 24093 | Lair:6   | XOM: snakes to sticks
 24108 | Lair:6   | XOM: enchant monster (good)
 24135 | Lair:6   | Reached skill level 10 in Fighting
 24229 | Lair:6   | Reached skill level 10 in Axes
 24278 | Lair:6   | XOM: god gift: wand of flame (5)
 24575 | Lair:6   | Reached skill level 12 in Dodging
 24655 | Lair:6   | XOM: give mutations
 24655 | Lair:6   | Lost mutation: You are robust. (+10% HP) [Xom's mischief]
 24655 | Lair:6   | Lost mutation: Your muscles are very strong. (Str +4)
                  | [Xom's mischief]
 24655 | Lair:6   | Lost mutation: Your muscles are strong. (Str +2) [Xom's
                  | mischief]
 24956 | Lair:6   | XOM: summons 2 hostile demons
 25299 | Lair:6   | Lost mutation: Your flesh is very cold resistant. (rC++)
                  | [potion of mutation]
 25299 | Lair:6   | Lost mutation: Your spells are harder to cast, but more
                  | powerful. [potion of mutation]
 25299 | Lair:6   | Lost mutation: You are agile. (Dex +2) [potion of mutation]
 25299 | Lair:6   | Lost mutation: Your system is resistant to poisons. (rPois)
                  | [potion of mutation]
 25299 | Lair:6   | Lost mutation: Your flesh is cold resistant. (rC+) [potion
                  | of mutation]
 25430 | Lair:6   | Cast into level 2 of the Abyss (spriggan rider)
 25463 | Abyss:2  | Noticed an ophan
 25478 | Abyss:2  | XOM: cleaving
 25544 | Abyss:3  | Found a corrupted altar of Lugonu.
 25572 | Abyss:3  | Noticed a hellephant
 25576 | Abyss:3  | Noticed a frost giant
 25576 | Abyss:3  | a dire elephant changed into a frost giant
 25576 | Abyss:3  | XOM: polymorph dire elephant -> frost giant
 25587 | Abyss:3  | Noticed a purple draconian shifter
 25588 | Abyss:3  | Noticed a hellephant
 25700 | Abyss:3  | XOM: enchant monster (bad)
 25705 | Abyss:3  | HP: 4/121 [small abomination (20)]
 25749 | Abyss:3  | XOM: smoke on damage
 25801 | Abyss:3  | Slain by a jiangshi

Illustrated notes

Levels and vault maps discovered:
D:1:      dpeg_arrival_simpleton_b, layout_basic
D:2:      layout_basic, ebering_ecumenical_altar_ruins, minivault_25
D:3:      minmay_general_purpose_star, layout_basic, kennysheep_vampire_church,
          uniq_grinder
D:4:      layout_layer_cave, marbit_many_paths, yredelemnul_altar_generic,
          xom_confusion_cloud, mainiacjoe_overflow_six_doors_small,
          minmay_temple_entry_trees, serial_shops, shop,
          nicolae_shop_advertising_works [nicolae_subvault_shop_adworks]
D:5:      layout_rooms, uniq_blork_the_orc
D:6:      layout_basic, kennysheep_generic_room_4, uniq_sigmund, uniq_maggie,
          uniq_eustachio, uniq_pikel
D:7:      lemuel_ratsnest, layout_gridville, ebering_ghost_inner_flame
D:8:      layout_basic, enter_bailey_2
D:9:      layout_basic, erik_lair_island
D:10:     layout_roguey, mainiacjoe_overflow_concentric_impassable,
          lightli_fourway_metalbox
D:11:     minmay_the_grid_square_5x5_4x4 [minmay_the_grid_square_5x5_seven,
          minmay_the_grid_square_5x5_shuriken,
          minmay_the_grid_square_5x5_minivault, minmay_the_grid_square_5x5_meh,
          minmay_the_grid_square_5x5_hollow_slash,
          minmay_the_grid_square_5x5_prize_waves,
          minmay_the_grid_square_5x5_prize_itemx,
          minmay_the_grid_square_5x5_two, minmay_the_grid_square_5x5_dogpile,
          minmay_the_grid_square_5x5_prize_open,
          minmay_the_grid_square_5x5_prize_pseudospiral,
          minmay_the_grid_square_5x5_empty, minmay_the_grid_square_5x5_shrine1,
          minmay_the_grid_square_5x5_tri_point,
          minmay_the_grid_square_5x5_sharp_hourglass,
          minmay_the_grid_square_5x5_checkered], layout_grid_maze,
          nicolae_concentric_dashed_squares_mild
Temple:   compressed_dpeg_circular_temple
Lair:1:   layout_regular_city, chequers_serial_rivers_micro_d,
          grunt_megastairs_1, uniq_gastronok, uniq_amaemon, uniq_joseph
Lair:2:   layout_roguey, hangedman_lair_generics_rect
Lair:3:   nzn_winding_woodlands_huge [nzn_winding_woodlands_5x15_split_checker,
          nzn_winding_woodlands_5x15_zeroes, nzn_winding_woodlands_5x15_garden,
          nzn_winding_woodlands_5x15_eye, nzn_winding_woodlands_5x15_crooked,
          nzn_winding_woodlands_5x15_twine,
          nzn_winding_woodlands_5x15_pathside_ponds,
          nzn_winding_woodlands_5x15_longhouse,
          nzn_winding_woodlands_5x15_concentric,
          nzn_winding_woodlands_5x15_lazy_stream,
          nzn_winding_woodlands_center_garden,
          nzn_winding_woodlands_center_pierced_h,
          nzn_winding_woodlands_15x15_boxy_spiral], layout_regular_city,
          elwin_shoals_entry_rooms, basic_altar, serial_forest,
          infiniplex_forest_clump_long, infiniplex_forest_lined_corner,
          infiniplex_forest_clump_curved, infiniplex_forest_lined_corner,
          infiniplex_forest_diagonal, infiniplex_forest_lined_3_way,
          infiniplex_forest_clump_double, infiniplex_forest_straight_4,
          dreamdust_mushroom_princess, st_stairs_9, uniq_urug
Lair:4:   layout_small_grid, nicolae_spider_entry_orb_guardian,
          grunt_forest_small_clearing_treed
Lair:6:   minmay_lair_end_enchanted_forest, layout_cave_pods,
          gammafunk_ghost_abyssal_escape, grunt_forest_large_clearings,
          infiniplex_staircase_pool
Abyss:3:  base: D:6, evilmike_abyss_rune_elephants_shrine

Skill      XL: |  1  2  3  4  5  6  7  8  9 10 11 12 13 14 |
---------------+-------------------------------------------+-----
Dodging        | 3 4 5 7 8 9 10 11 12 | 12.0
Fighting       | 4 5 6 7 8 9 10 | 10.1
Long Blades    | 4 5 6 8 9 11 | 11.5
Shields        | 1 3 4 5 7 8 9 |  9.8
Evocations     | 1 2 |  2.6
Axes           | 5 7 9 10 | 10.1
Air Magic      | 2 4 5 6 |  6.6
Spellcasting   | 1 3 5 6 |  6.1
Hexes          | 2 3 5 6 |  6.0

Action                   |  1- 3 |  4- 6 |  7- 9 | 10-12 | 13-15 || total
-------------------------+-------+-------+-------+-------+-------++-------
Melee: Falchion          |   134 |    17 |       |       |       ||   151
       Tailslap          |    11 |     4 |    13 |    74 |   103 ||   205
       Punch             |     1 |     1 |       |       |       ||     2
       Double sword      |       |    62 |   174 |   207 |       ||   443
       War axe           |       |       |       |   327 |   658 ||   985
       Kick              |       |       |       |    73 |       ||    73
       Scimitar          |       |       |       |     5 |     2 ||     7
       Bite              |       |       |       |       |    30 ||    30
Throw: Dart              |     2 |       |       |       |       ||     2
 Abil: Breathe Acid      |       |       |     3 |     6 |     2 ||    11
Evoke: Piece from Xom's  |     1 |       |     3 |    20 |     1 ||    25
       Wand              |       |       |     7 |    16 |     8 ||    31
       Phial of floods   |       |       |       |       |     1 ||     1
  Use: Scroll            |     3 |     6 |     6 |     6 |     7 ||    28
       Potion            |       |     1 |     5 |    13 |     6 ||    25
 Stab: Sleeping          |       |     1 |     3 |     8 |     4 ||    16
       Distracted        |       |       |       |     3 |       ||     3
       Confused          |       |       |       |     1 |     1 ||     2
Armor: Skin              |    88 |    33 |    62 |   186 |   223 ||   592
Dodge: Dodged            |   162 |    60 |   157 |   402 |   517 ||  1298
Block: Buckler           |       |       |    67 |   271 |   439 ||   777

Table legend: (Time is in decaauts)
 A = Elapsed time spent in this place.
 B = Non-inter-level travel time spent in this place.
 C = Inter-level travel time spent in this place.
 D = Time resting spent in this place.
 E = Time spent auto-exploring this place.
 F = Levels seen in this place.
 G = Mean time per level.
                   A        B        C        D        E       F      G
               +--------+--------+--------+--------+--------+-----+--------+
         Total |  26081 |  25133 |    948 |   4233 |  16349 |  20 | 1304.1 |
       Dungeon |  15872 |  15054 |    818 |   1963 |  10604 |  11 | 1442.9 |
        Temple |     84 |     69 |     15 |      0 |     54 |   1 |   84.0 |
          Lair |   8401 |   8286 |    115 |   1412 |   5449 |   5 | 1680.2 |
         Abyss |    363 |    363 |      0 |    201 |      0 |   2 |  181.5 |
        Bailey |   1359 |   1359 |      0 |    657 |    241 |   1 | 1359.0 |
               +--------+--------+--------+--------+--------+-----+--------+

Top non-repeatable levels by time:
  Lair:3: 3037 daAuts
    D:11: 2492 daAuts
  Lair:6: 2297 daAuts
     D:4: 2028 daAuts
    D:10: 1872 daAuts
  Lair:1: 1772 daAuts
     D:7: 1692 daAuts
  Bailey: 1359 daAuts
     D:3: 1249 daAuts
     D:9: 1246 daAuts
     D:6: 1168 daAuts
     D:8: 1142 daAuts
     D:1: 1116 daAuts
  Lair:2: 1075 daAuts
     D:2: 1034 daAuts
